 Dungeon Crawl Stone Soup version 0.28.0-53-g5a82cb258f (webtiles) character file.

Game seed: 15926748405199156358

1671 Peloso the Carver (level 8, -5/70 HPs)
             Began as a Minotaur Fighter on May 28, 2022.
             Was a Believer of Okawaru.
             Slain by Maggie
             ... wielding a +1 morningstar of flaming
              (11 damage)
             ... on level 6 of the Dungeon.
             The game lasted 00:09:21 (6870 turns).

Peloso the Carver (Minotaur Fighter)                Turns: 6870, Time: 00:09:22

Health: -5/70      AC: 11    Str: 21    XL:     8   Next: 70%
Magic:  6/7        EV:  8    Int:  5    God:    Okawaru [**....]
Gold:   282        SH:  0    Dex: 12    Spells: 7/7 levels left

rFire   . . .      SeeInvis .   a - +1 long sword
rCold   . . .      Faith    +   c - +0 buckler
rNeg    . . .      Spirit   .   u - +0 chain mail
rPois   .          Reflect  .   (helmet restricted)
rElec   .          Harm     .   (no cloak)
rCorr   .          Rampage  .   e - +0 pair of gloves
Will    .....                   (no boots)
Stlth   ..........              q - amulet of faith
HPRegen 0.21/turn               (no ring)
MPRegen 0.10/turn               (no ring)

@: confused, mesmerised
A: horns 2, retaliatory headbutt
a: Renounce Religion, Heroism


You were on level 6 of the Dungeon.
You worshipped Okawaru.
Okawaru was pleased with you.
You visited 2 branches of the dungeon, and saw 8 of its levels.

You collected 282 gold pieces.

Inventory:

Hand Weapons
 a - a +1 long sword (weapon)
Armour
 b - a +1 scale mail
 c - a +0 buckler (worn)
 e - a +0 pair of gloves (worn)
 u - a +0 chain mail (worn)
Jewellery
 q - an amulet of faith (around neck)
 x - a ring of magical power
Wands
 n - a wand of acid (4)
Scrolls
 f - 2 scrolls of noise
 g - a scroll of immolation
 l - 3 scrolls of teleportation
 o - a scroll of holy word
 t - a scroll of fear
 w - a scroll of enchant armour
Potions
 d - a potion of might
 j - a potion of berserk rage
 k - a potion of invisibility
 m - 2 potions of mutation
 r - a potion of experience
 s - 2 potions of haste
 v - a potion of brilliance


   Skills:
 + Level 5.9 Fighting
 + Level 9.4 Long Blades
 + Level 7.1 Armour
 + Level 2.8 Dodging
 + Level 1.1 Stealth
 + Level 5.7 Shields


You had 7 spell levels left.
You didn't know any spells.
Your spell library contained the following spells:

 Spells                   Type           Power      Damage    Failure   Level
 Summon Small Mammal      Summ           Unusable   N/A       N/A         1
 Call Canine Familiar     Summ           Unusable   N/A       N/A         3
 Summon Guardian Golem    Hex/Summ       Unusable   N/A       N/A         3

Dungeon Overview and Level Annotations

Branches:
Dungeon (7/15)             Temple (1/1) D:4

Altars:
Ashenzari
Cheibriados
Dithmenos
Elyvilon
Gozag
Hepliaklqana
Kikubaaqudgha
Makhleb
Okawaru
Qazlal
Sif Muna
Trog
Uskayaw
Wu Jian
Xom
Yredelemnul
Zin

Annotations:
D:6 Maggie


Innate Abilities, Weirdness & Mutations

You have a pair of horns on your head.
You reflexively headbutt those who attack you in melee.


Message History

You barely miss Maggie.
Maggie is heavily wounded.
Something hits you but does no damage.
Maggie hits you with a +1 morningstar of flaming.
* * * LOW HITPOINT WARNING * * *
Maggie burns you.
* * * LOW HITPOINT WARNING * * *
You hit Maggie. You headbutt Maggie, but do no damage.
Maggie is severely wounded.
Something hits you.
* * * LOW HITPOINT WARNING * * *
Something burns you.
* * * LOW HITPOINT WARNING * * *
Unknown command.
You hit Maggie but do no damage.
Maggie is severely wounded.
Maggie closely misses you.
Unknown command.
You feel better. Something hits you but does no damage.
Maggie gestures wildly while chanting.
Maggie draws you further into her thrall.
Unknown command.
You closely miss Maggie.
Maggie is severely wounded.
You hear some strange, mumbled words.
You are confused.
Maggie hits you with a +1 morningstar of flaming.
* * * LOW HITPOINT WARNING * * *
Maggie burns you.
* * * LOW HITPOINT WARNING * * *
Maggie smiles, but it's obviously fake.
Unknown command.
You're too confused to move!
You feel like a meek peon again.
You hear some strange, mumbled words.
A magic dart appears from out of thin air!
The magic dart hits you!
* * * LOW HITPOINT WARNING * * *
Maggie hits you with a +1 morningstar of flaming!
You die...

.....###..###....................
####...#..####........<..........
# ###.##..###...............))..
######.####.##...............)...
..##...# ##.#...................
......## #.....................
####### ##.#.................. #
##.#.@>............... #
#####..#.@{[.............. #
#......................... #
####...................... #
###.................... ##
##.....[.............. .##
#..##................. #.##
##.###................. ##.##
##.####................. #..#
####.####............).....


You could see Maggie (mesmerising).

Vanquished Creatures
  A water moccasin (D:6)
  2 black bears
  A necrophage (D:5)
  3 centaurs (D:6)
  A phantom (D:4)
  A bullfrog (D:6)
  3 howler monkeys
  A bullfrog zombie (D:5)
  A jelly (D:4)
  4 hounds
  2 bullfrog skeletons
  2 orc priests
  Jessica (D:2)
  2 orc wizards (D:5)
  4 iguanas
  Natasha (D:2)
  A hound skeleton (D:4)
  A howler monkey skeleton (D:4)
  3 gnolls
  12 adders
  A shadow imp (D:6)
  2 ufetubi
  2 worms
  5 dart slugs
  17 orcs
  14 bats
  10 endoplasms
  2 giant cockroaches
  3 goblins
  7 hobgoblins
  4 jackals (D:3)
  6 quokkas
  5 ball pythons
  4 frilled lizards
  9 kobolds
  8 rats
146 creatures vanquished.

Notes
Turn   | Place    | Note
-------+----------+-------------------------------------------
     0 | D:1      | Peloso the Minotaur Fighter began the quest for the Orb.
     0 | D:1      | Reached XP level 1. HP: 19/19 MP: 0/0
   232 | D:1      | Found a faded altar of an unknown god.
   246 | D:1      | Reached XP level 2. HP: 23/27 MP: 1/1
   680 | D:1      | Reached XP level 3. HP: 33/33 MP: 2/2
  1262 | D:2      | Reached skill level 3 in Long Blades
  1376 | D:2      | Reached skill level 1 in Dodging
  1512 | D:2      | Noticed Jessica
  1516 | D:2      | Reached XP level 4. HP: 33/40 MP: 3/3
  1518 | D:2      | Killed Jessica
  1969 | D:2      | Reached XP level 5. HP: 46/46 MP: 4/4
  2212 | D:2      | Noticed Natasha
  2216 | D:2      | Killed Natasha
  2362 | D:2      | Reached skill level 4 in Long Blades
  2672 | D:3      | Found an iron altar of Okawaru.
  2684 | D:3      | Became a worshipper of Warmaster Okawaru
  2749 | D:3      | Found a bloodstained altar of Trog.
  3166 | D:4      | Reached XP level 6. HP: 53/53 MP: 5/5
  3275 | D:4      | Reached skill level 5 in Long Blades
  3519 | D:4      | Reached skill level 5 in Armour
  3677 | D:4      | Found a staircase to the Ecumenical Temple.
  3690 | Temple   | Entered the Ecumenical Temple
  4282 | D:4      | Reached skill level 6 in Long Blades
  4282 | D:4      | Reached skill level 1 in Stealth
  4282 | D:4      | Reached XP level 7. HP: 60/60 MP: 6/6
  4335 | D:5      | Entered Level 5 of the Dungeon
  4396 | D:5      | Reached * piety under Okawaru
  4397 | D:5      | Reached skill level 5 in Shields
  4528 | D:5      | Found a broken altar of Ashenzari.
  4569 | D:5      | Identified the +3 hunting sling of Efipt {venom, rElec rC-
                  | rN++ rCorr}
  4741 | D:5      | Reached skill level 5 in Fighting
  4741 | D:5      | Reached skill level 7 in Long Blades
  5058 | D:5      | Reached XP level 8. HP: 53/68 MP: 7/7
  5504 | D:6      | Reached skill level 8 in Long Blades
  5596 | D:6      | Reached ** piety under Okawaru
  5869 | D:6      | Reached skill level 9 in Long Blades
  6853 | D:7      | Noticed Maggie
  6870 | D:6      | Slain by Maggie

Illustrated notes

Levels and vault maps discovered:
D:1:      lightli_arrival_farm, layout_basic, hellmonk_ecumenical_altar_blasted,
          eino_curves_03, minmay_pentomino_s4
D:2:      layout_basic, st_stairs_12, grunt_ministairs_11,
          chequers_serial_rivers_marsh, kennysheep_generic_room_8, uniq_jessica,
          uniq_natasha
D:3:      layout_loops_cross, okawaru_trees_2, trog_antimagical
D:4:      kb_forest_paths, layout_cave_pools, minmay_temple_entry_trees
D:5:      layout_basic, ashenzari_altar_1
D:6:      layout_layer_cave
D:7:      layout_cave_pools, serial_shops, kennysheep_mini, uniq_menkaure,
          uniq_maggie
Temple:   eino_temple_water

Skill      XL: |  1  2  3  4  5  6  7  8 |
---------------+-------------------------+-----
Shields        | 4 5 |  5.7
Armour         | 4 5 6 7 |  7.1
Fighting       | 4 5 |  5.9
Long Blades    | 3 4 6 7 9 |  9.4
Dodging        | 1 2 |  2.8
Stealth        | 1 |  1.1

Action                   |  1- 3 |  4- 6 |  7- 9 || total
-------------------------+-------+-------+-------++-------
Melee: Long sword        |    86 |   131 |   156 ||   373
       Headbutt          |     7 |    14 |    25 ||    46
Invok: Heroism           |       |       |     1 ||     1
  Use: Scroll            |     5 |       |     9 ||    14
       Potion            |     3 |       |     2 ||     5
Armor: Scale mail        |    74 |    50 |    10 ||   134
       Chain mail        |       |       |   101 ||   101
Dodge: Dodged            |    53 |    88 |    86 ||   227
Block: Buckler           |    40 |    33 |    45 ||   118
